 Dungeon Crawl Stone Soup version 0.32-a0-473-gd044c6f0f0 (webtiles) character file.

Game seed: 15402468554424063393

3676 sleeves the Cleaver (level 9, -11/74 HPs)
             Began as a Minotaur Alchemist on Feb 26, 2024.
             Was a Believer of Qazlal.
             Mangled by a two-headed ogre
             ... wielding a +0 giant club
              (12 damage)
             ... on level 9 of the Dungeon.
             The game lasted 00:15:07 (9481 turns).

sleeves the Cleaver (Minotaur Alchemist)            Turns: 9481, Time: 00:15:08

Health: -11/74     AC: 11    Str: 17    XL:     9   Next: 89%
Magic:  6/10       EV: 11    Int: 12    God:    Qazlal [**....]
Gold:   623        SH:  7    Dex: 11    Spells: 9/10 levels left

rFire   . . .        C - +3 flail (freeze)
rCold   . . .        F - orb {mayhem}
rNeg    . . .        e - +1 scale mail {Will+}
rPois   .            (helmet restricted)
rElec   .            t - +0 cloak
rCorr   .            h - +1 pair of gloves {infuse}
SInv    .            (no boots)
Will    +....        k - amulet of reflection Stlth
                     (no ring)
HPRegen 0.32/turn    (no ring)
MPRegen 0.12/turn

%: mayhem, reflection, infuse magic (1 MP)
@: no status effects
A: horns 2, retaliatory headbutt
a: Renounce Religion, Upheaval


You were on level 9 of the Dungeon.
You worshipped Qazlal.
Qazlal was pleased with you.
You visited 2 branches of the dungeon, and saw 10 of its levels.

You collected 623 gold pieces.

Inventory:

Hand Weapons
 p - a +0 war axe
   (You found it on level 3 of the Dungeon)
 v - a +0 hand axe of flaming
   (You found it on level 7 of the Dungeon)
 C - a +3 flail of freezing (weapon)
   (You took it off a wight on level 7 of the Dungeon)
 I - a +2 morningstar of protection
   (You took it off a wight on level 8 of the Dungeon)
Missiles
 G - 4 javelins (quivered)
Armour
 e - a +1 scale mail of willpower (worn)
   (You took it off a gnoll sergeant on level 7 of the Dungeon)
 h - a +1 pair of gloves of infusion (worn)
   (You found it on level 5 of the Dungeon)
 t - a +0 cloak (worn)
   (You found it on level 4 of the Dungeon)
 F - an orb of mayhem (worn)
   (You took it off Jeremiah on level 8 of the Dungeon)
Jewellery
 k - an amulet of reflection (around neck)
   (You found it on level 2 of the Dungeon)
 D - an amulet of regeneration
   (You found it on level 7 of the Dungeon)
Wands
 w - a wand of quicksilver (11)
   (You found it on level 6 of the Dungeon)
 y - a wand of paralysis (18)
   (You found it on level 6 of the Dungeon)
Scrolls
 a - a scroll of immolation {unknown}
 c - 3 scrolls of enchant weapon {unknown}
 d - 4 scrolls of enchant armour {unknown}
 f - 3 scrolls of poison {unknown}
 g - 3 scrolls of teleportation {unknown}
 i - 7 scrolls of identify {unknown}
 j - 4 scrolls of amnesia {unknown}
 l - 4 scrolls of fog {unknown}
 u - a scroll of silence {unknown}
 A - a scroll of blinking {unknown}
Potions
 b - a potion of magic
 m - a potion of might {unknown}
 n - 2 potions of cancellation {unknown}
 o - 3 potions of heal wounds {unknown}
 r - 2 potions of mutation {unknown}
 s - a potion of curing
 x - a potion of enlightenment {unknown}
 z - a potion of brilliance {unknown}
 B - a potion of experience {unknown}
 E - a potion of lignification {unknown}
 H - a potion of berserk rage {unknown}


   Skills:
 + Level 5.0 Fighting
 + Level 14.1 Axes
 + Level 2.5 Throwing
 + Level 4.2 Armour
 + Level 4.6 Dodging
 - Level 1.5 Stealth
 - Level 1.3 Spellcasting
 - Level 0.6 Conjurations
 - Level 2.1 Alchemy


You had 9 spell levels left.
You knew the following spells:

 Your Spells              Type           Power      Damage    Failure   Level
a - Sting                 Conj/Alch      16%        1d4       47%         1

Your spell library contained the following spells:

 Spells                   Type           Power      Damage    Failure   Level
 Mercury Vapours          Alch/Air       6%         N/A       65%         2
 Freeze                   Ice            0%         1d3       67%         1
 Sandblast                Erth           0%         2d4       67%         1
 Cigotuvi's Dreadful Rot  Necr/Alch/Air  4%         N/A       71%         2
 Mephitic Cloud           Conj/Alch/Air  3%         N/A       88%         3
 Hailstorm                Conj/Ice       1%         3d5       94%         3
 Stone Arrow              Conj/Erth      2%         3d7       94%         3
 Frozen Ramparts          Ice            0%         1d1       95%         3
 Passwall                 Erth           0%         N/A       95%         3
 Olgreb's Toxic Radiance  Alch           6%         N/A       98%         4
 Ignite Poison            Fire/Alch      3%         N/A       99%         4
 Sticky Flame             Fire/Alch      3%         2d4       99%         4
 Brom's Barrelling Bould  Conj/Erth      1%         2d3       100%        4
 Freezing Cloud           Conj/Ice/Air   0%         6-21      100%        5
 Chain Lightning          Conj/Air       0%         2d1       100%        9
 Fire Storm               Conj/Fire      0%         6d1       100%        9
 Shatter                  Erth           0%         3d5*      100%        9


Dungeon Overview and Level Annotations

Branches:
Dungeon (9/15)             Temple (1/1) D:4
   Lair: D:8-11         Orc: D:9-12

Altars:
Ashenzari
Cheibriados
Elyvilon
Fedhas
Kikubaaqudgha
Makhleb
Okawaru
Qazlal
Ru
Sif Muna
Trog
Uskayaw
Vehumet
Wu Jian
Yredelemnul
The Shining One
Beogh

Shops:
D:1 =   D:7 =

Annotations:
D:4 1 runed translucent door, Fractals's ghost, novice DsSh


Innate Abilities, Weirdness & Mutations

You have a pair of horns on your head.
You reflexively headbutt those who attack you in melee.


Message History

Found a scroll labelled WUWONO ILIUZOR.
The slime creature quivers.
You start waiting.
Done waiting.
A wight is nearby!
You barely miss the wight.
You headbutt the wight, but do no damage.
The wight misses you. You furiously retaliate!
You headbutt the wight. You hit the wight.
Your weapon exudes an aura of protection.
Your headbutt misses the wight.
The wight is moderately damaged.
The wight hits you with a +2 great sword!
You hit the wight but do no damage.
You headbutt the wight, but do no damage.
The wight is moderately damaged.
The wight is engulfed in freezing vapours.
You block the wight's attack.
You sock the wight!
You destroy the wight!
Qazlal accepts your kill.
No target in view!
No target in view!
No target in view!
Unknown command.
You drop a +1 whip of venom.
Your +2 mace of protection goes still.
Your +3 flail of freezing glows with a cold blue light!
C - a +3 flail of freezing (weapon)
Magic restored.
HP restored.
Things that are here:
a +2 great sword; a +0 robe A wight comes into view.
It is wielding a +8 great sword.
You see here a +0 leather armour.
A wight is nearby!
A wight is nearby!
A wight comes into view.
It is wielding a +0 spear and wearing a +0 robe of willpower.
The wight hits you but does no damage.
You closely miss the wight. The wight barely misses you.
The wight hits you with a +8 great sword!!
You feel drained.
You sock the wight!
You destroy the wight!
Qazlal accepts your kill. The wight completely misses you.
The wight hits you but does no damage.
Things that are here:
a +8 great sword; a +0 robe You barely miss the wight.
The wight barely misses you.
You hit the wight.
You headbutt the wight, but do no damage.
The wight is moderately damaged.
You block the wight's attack.
You hit the wight.
The wight is heavily damaged.
The wight hits you with a +0 spear.
You feel drained.
You barely miss the wight.
You headbutt the wight, but do no damage.
The wight is heavily damaged.
You block the wight's attack.
You sock the wight!
You destroy the wight!
Qazlal accepts your kill.
No target in view!
No target in view!
No target in view!
Things that are here:
a +0 spear; a +0 robe of willpower
Found a stone staircase leading up.
There is a stone staircase leading up here.
A slime creature is nearby!
A slime creature is nearby!
You sock the slime creature! You freeze the slime creature.
The slime creature is moderately wounded.
The slime creature hits you.
You hit the slime creature. You freeze the slime creature.
The slime creature is moderately wounded.
You hit the slime creature. You freeze the slime creature.
You headbutt the slime creature.
The slime creature is heavily wounded.
The slime creature hits you.
You barely miss the slime creature.
Your headbutt misses the slime creature.
The slime creature is heavily wounded.
The slime creature hits you!
You barely miss the slime creature.
The slime creature is heavily wounded.
The slime creature completely misses you.
You furiously retaliate!
You headbutt the slime creature! You bludgeon the slime creature!!
You freeze the slime creature.
You kill the slime creature!
Qazlal accepts your kill.
Your life force feels restored.
No target in view!
No target in view!
An orc priest comes into view. It is wielding a +0 hand axe.
Found a twisted lajatang, a bronze wand and a wand of paralysis (3).
The orc shouts!
The orc wizard shouts!
The orc priest shouts!
You hear a shout! x2
A gnoll sergeant comes into view.
It is wielding a +2 trident of protection and wearing a +1 scale mail of willpower.
Found a glowing hand axe.
The gnoll sergeant shouts!
A gnoll sergeant is nearby!
The gnoll sergeant completely misses you.
You block the gnoll sergeant's attack.
You hit the gnoll sergeant but do no damage.
The gnoll sergeant hits you but does no damage.
You hit the gnoll sergeant. You freeze the gnoll sergeant.
You headbutt the gnoll sergeant, but do no damage.
The gnoll sergeant is lightly wounded.
You block the gnoll sergeant's attack.
You thump the gnoll sergeant! You freeze the gnoll sergeant.
You headbutt the gnoll sergeant, but do no damage.
The gnoll sergeant is severely wounded.
You block the gnoll sergeant's attack.
You closely miss the gnoll sergeant.
The gnoll sergeant is severely wounded.
The gnoll sergeant hits you with a +2 trident of protection!
You hit the gnoll sergeant. You freeze the gnoll sergeant.
The gnoll sergeant is almost dead.
The gnoll sergeant hits you with a +2 trident of protection.
You sock the gnoll sergeant! You freeze the gnoll sergeant.
You kill the gnoll sergeant!
Qazlal accepts your kill.
No target in view!
No target in view!
No target in view!
Things that are here:
a +2 trident of protection; a +1 scale mail of willpower; a gnoll corpse
e - a +1 scale mail of willpower You start removing your armour.
You continue removing your +0 chain mail. x4
You finish removing your +0 chain mail.
You start putting on your armour.
You continue putting on your +1 scale mail of willpower. x5
You finish putting on your +1 scale mail of willpower.
You feel strong-willed.
You drop a +0 chain mail.
Your +3 flail of freezing stops glowing.
Your +2 mace of protection hums with potential!
q - a +2 mace of protection (weapon)
You see here a +0 hand axe of flaming.
Things that are here:
a +0 chain mail; a +2 trident of protection; a gnoll corpse The orc wizard shouts!
You hear a shout!
An orc priest is nearby!
An orc priest is nearby!
Things that are here:
a +0 chain mail; a +2 trident of protection; a gnoll corpse You see here a +0 hand axe of flaming.
v - a +0 hand axe of flaming
Things that are here:
a +0 chain mail; a +2 trident of protection; a gnoll corpse
Press: ? - help, v - describe, . - travel A crystal wall.
j - 3 scrolls labelled WUWONO ILIUZOR (gained 1)
The orc wizard shouts!
You hear a shout!
You closely miss the orc wizard. Your headbutt misses the orc wizard.
The orc wizard gestures wildly while chanting.
The orc wizard flickers and vanishes!
Deactivating autopickup; reactivate with Ctrl-A.
No target in view!
No target in view!
No target in view!
You hit something.
Your weapon exudes an aura of protection.
Your headbutt misses something. Something hits you.
You miss something. Your headbutt misses something.
Something hits you but does no damage.
You sock something! Your headbutt misses something. You hit something.
Something hits you but does no damage.
You closely miss something. Something hits you.
You hit something. Something hits you.
You hit something. Qazlal accepts your kill.
Reactivating autopickup.
You feel a bit more experienced.
Things that are here:
a +0 quarterstaff; a +0 robe; an orc corpse You start resting.
Magic restored.
HP restored.
The orc priest shouts!
There is a shaft here.
There is a stone staircase leading down here.
You climb downwards.
There is a stone staircase leading up here.
You open the door.
A bullfrog and a centaur come into view.
The bullfrog gives a loud, deep croak!
The centaur shouts!
A howler monkey comes into view.
The centaur wields a +0 shortbow.
The centaur shoots an arrow.
The arrow hits you!
There is an open door here.
There are monsters nearby!
There are monsters nearby!
There are monsters nearby!
You close the door.
You start resting.
A bullfrog and a howler monkey come into view.
The howler monkey howls!
The howler monkey hoots and howls with incredible vigour!
The bullfrog closely misses you.
You thump the bullfrog!
Your weapon exudes an aura of protection.
Your headbutt misses the bullfrog.
The bullfrog is severely wounded.
The bullfrog closely misses you. You furiously retaliate!
You headbutt the bullfrog. You thump the bullfrog!
You kill the bullfrog!
Qazlal accepts your kill.
You closely miss the howler monkey. You headbutt the howler monkey.
The howler monkey is moderately wounded.
The howler monkey hoots and howls with incredible vigour!
You block the howler monkey's attack.
The howler monkey hits you but does no damage.
You hit the howler monkey. You headbutt the howler monkey.
The howler monkey is severely wounded.
You block the howler monkey's attack.
You thump the howler monkey!
You kill the howler monkey!
Qazlal accepts your kill.
The centaur shoots an arrow.
You block the arrow with an invisible shield... and reflect it back!
The arrow hits the centaur!
The centaur shoots an arrow.
The arrow closely misses you.
The centaur unwields a +0 shortbow.
The centaur hits you but does no damage.
You block the centaur's attack.
The howler monkey hits you but does no damage.
There is an open door, spattered with blood here.
You see here a bullfrog corpse.
You barely miss the centaur.
The centaur is heavily wounded.
You block the centaur's attack. The centaur kicks you.
The howler monkey hits you but does no damage.
The centaur hits you. The centaur barely misses you.
You sock the centaur! You headbutt the centaur.
You kill the centaur!
Qazlal accepts your kill.
The howler monkey hits you but does no damage.
The howler monkey misses you.
You hit the howler monkey.
The howler monkey is lightly wounded.
You block the howler monkey's attack.
You closely miss the howler monkey.
The howler monkey is lightly wounded.
The howler monkey hits you but does no damage.
You closely miss the howler monkey.
The howler monkey is lightly wounded.
You block the howler monkey's attack.
You sock the howler monkey!
You headbutt the howler monkey, but do no damage.
The howler monkey is severely wounded.
The howler monkey hits you but does no damage.
You closely miss the howler monkey. Your headbutt misses the howler monkey.
The howler monkey is severely wounded.
The howler monkey hits you.
You sock the howler monkey!
You kill the howler monkey!
Qazlal accepts your kill.
Your Fighting skill increases to level 4!
Your Throwing skill increases to level 1!
No target in view!
No target in view!
HP restored.
Magic restored.
Things that are here:
a +0 shortbow; a centaur corpse
Found a chain mail.
You see here a +0 chain mail.
Found a leather armour.
f - 3 scrolls labelled BAUNOU KUGEEG (gained 1) As you open the door, it creaks loudly!
There is an open door here.
Found a stone staircase leading down.
Found an escape hatch in the ceiling.
You now have 441 gold pieces (gained 20).
You open the door.
There is an open door here.
There is an open door here.
There is an escape hatch in the ceiling here.
You open the door.
There is an open door here.
E - a murky silvery potion You now have 449 gold pieces (gained 8).
Found a stone staircase leading up.
Found an escape hatch in the floor.
Jeremiah, Barachi Dreamer comes into view.
They are wielding a +2 trident of draining, wearing a +2 robe of positive energy and wearing an orb of mayhem.
Jeremiah is nearby!
Jeremiah is nearby!
Jeremiah mumbles a slurred invocation.
Something smites you!
There is a stone staircase leading up here.
You start resting.
Jeremiah is nearby!
Jeremiah hops!
Jeremiah asks, "Where am I?
Why are you fighting me?"
Jeremiah lets out a twisted cry.
Something smites you!
There is a stone staircase leading up here.
You climb upwards.
There is a stone staircase leading down here.
You start resting.
HP restored.
You climb downwards.
Level annotation: Jeremiah
There is a stone staircase leading up here.
No target in view!
You block Jeremiah's attack.
You hit Jeremiah.
Your weapon exudes an aura of protection.
Jeremiah is lightly wounded.
Jeremiah throws their arms up pleadingly.
Something smites you!
You closely miss Jeremiah.
Jeremiah is lightly wounded.
Jeremiah hits you with a +2 trident of draining.
You feel drained.
You hit Jeremiah. Your headbutt misses Jeremiah.
Jeremiah is lightly wounded.
Jeremiah throws their arms up pleadingly.
Something smites you!
You are too injured to fight recklessly!
You are too injured to fight recklessly!
You barely miss Jeremiah. You headbutt Jeremiah.
Jeremiah is lightly wounded.
Jeremiah hops!
You miss the butterfly. You sock the butterfly!
You kill the butterfly!
The butterfly disappears in a burst of colours!
You barely miss the butterfly. Your headbutt misses the butterfly.
Jeremiah shouts, "O dreadful one, destroy my foe!"
Something smites you!
* * * LOW HITPOINT WARNING * * *
You barely miss the butterfly.
The butterfly disappears in a burst of colours!
The butterfly disappears in a burst of colours!
You closely miss the butterfly. Your headbutt misses the butterfly.
You sock the butterfly!
You kill the butterfly!
The butterfly disappears in a burst of colours!
There is a stone staircase leading up here.
You climb upwards.
There is a stone staircase leading down here.
You start resting.
Magic restored.
You start resting.
HP restored.
Okay, then.
Your +2 mace of protection goes still.
Your +3 flail of freezing glows with a cold blue light!
C - a +3 flail of freezing (weapon)
You can't go up here!
You climb downwards.
Level annotation: Jeremiah
There is a stone staircase leading up here.
There is a stone staircase leading up here.
You start waiting.
Jeremiah is nearby!
Jeremiah completely misses you.
Failed to move towards target.
Failed to move towards target.
Failed to move towards target.
You miss the butterfly.
Jeremiah says, "Oh, this is an awfully strange dream."
Jeremiah hits you from afar with a +2 trident of draining.
You feel drained.
You miss the butterfly. Jeremiah closely misses you.
You sock the butterfly! You freeze the butterfly.
You kill the butterfly!
The butterfly disappears in a burst of colours!
You block Jeremiah's attack.
You thump the butterfly! You freeze the butterfly.
You kill the butterfly!
The butterfly disappears in a burst of colours!
You block Jeremiah's attack.
You closely miss the butterfly. Jeremiah hits you but does no damage.
You feel drained.
You hit the butterfly. You freeze the butterfly.
You kill the butterfly!
The butterfly disappears in a burst of colours!
Jeremiah hits you from afar with a +2 trident of draining!
You feel drained.
You barely miss the butterfly. Your headbutt misses the butterfly.
You barely miss the butterfly. Jeremiah hits you but does no damage.
You feel drained.
There is a stone staircase leading up here.
You climb upwards.
There is a stone staircase leading down here.
You start resting.
Magic restored.
You start resting.
HP restored.
You climb downwards.
Level annotation: Jeremiah Jeremiah hops!
There is a stone staircase leading up here.
Throw: 4 javelins
Press: ? - help, Q - select action, (/) - cycle Shift-Dir - straight line, f - Jeremiah
Aim: Jeremiah, wielding a +2 trident of draining, wearing a +2 robe of positive energy and wearing an orb of mayhem (45% to hit)
You throw a javelin.
The javelin barely misses the butterfly.
The javelin pierces through the butterfly.
You kill the butterfly!
The butterfly disappears in a burst of colours!
The javelin pierces through Jeremiah.
Jeremiah is lightly wounded.
Throw: 3 javelins
Press: ? - help, Q - select action, (/) - cycle Shift-Dir - straight line, f/p - Jeremiah
Aim: Jeremiah, wielding a +2 trident of draining, wearing a +2 robe of positive energy and wearing an orb of mayhem (lightly wounded, 45% to hit)
You throw a javelin.
The javelin barely misses the butterfly.
The javelin misses the butterfly.
The javelin pierces through Jeremiah but does no damage.
Jeremiah is lightly wounded.
Throw: 2 javelins
Press: ? - help, Q - select action, (/) - cycle Shift-Dir - straight line, f/p - Jeremiah
Aim: Jeremiah, wielding a +2 trident of draining, wearing a +2 robe of positive energy and wearing an orb of mayhem (lightly wounded, 45% to hit)
You throw a javelin.
The javelin closely misses the butterfly.
The javelin completely misses the butterfly.
The javelin barely misses Jeremiah.
Throw: javelin
Press: ? - help, Q - select action, (/) - cycle Shift-Dir - straight line, f/p - Jeremiah
Aim: Jeremiah, wielding a +2 trident of draining, wearing a +2 robe of positive energy and wearing an orb of mayhem (lightly wounded, 45% to hit)
You throw a javelin. The javelin misses the butterfly. x2
The javelin pierces through Jeremiah!
Jeremiah is moderately wounded.
You completely miss the butterfly. Your headbutt misses the butterfly.
You thump the butterfly! You freeze the butterfly.
You kill the butterfly!
The butterfly disappears in a burst of colours!
You miss the butterfly. Your headbutt misses the butterfly.
You miss the butterfly.
The butterfly disappears in a burst of colours!
You sock the butterfly! You freeze the butterfly.
You kill the butterfly!
The butterfly disappears in a burst of colours!
You miss the butterfly. Your headbutt misses the butterfly.
You closely miss the butterfly.
The butterfly disappears in a burst of colours!
You miss the butterfly. You sock the butterfly! You freeze the butterfly.
You kill the butterfly!
The butterfly disappears in a burst of colours!
You closely miss the butterfly. You miss the butterfly. You miss the butterfly.
You barely miss the butterfly. You sock the butterfly!
You freeze the butterfly.
You kill the butterfly!
The butterfly disappears in a burst of colours!
You closely miss the butterfly. Your headbutt misses the butterfly.
You sock the butterfly! You freeze the butterfly.
You kill the butterfly!
The butterfly disappears in a burst of colours!
You barely miss the butterfly. Your headbutt misses the butterfly.
You barely miss the butterfly. You miss the butterfly.
You barely miss the butterfly.
The butterfly disappears in a burst of colours!
You hit the butterfly. You freeze the butterfly.
You kill the butterfly!
The butterfly disappears in a burst of colours!
You hit the butterfly. You freeze the butterfly.
You kill the butterfly!
The butterfly disappears in a burst of colours!
You miss the butterfly.
The butterfly disappears in a burst of colours!
You barely miss the butterfly. Your headbutt misses the butterfly.
You miss the butterfly.
Jeremiah shouts, "Stop it!
Stop making me do this!"
You thump the butterfly! You freeze the butterfly.
You kill the butterfly!
The butterfly disappears in a burst of colours!
Jeremiah mumbles a slurred invocation.
Something smites you!
You thump the butterfly! You freeze the butterfly.
You kill the butterfly!
The butterfly disappears in a burst of colours!
You sock the butterfly! You freeze the butterfly.
You kill the butterfly!
The butterfly disappears in a burst of colours!
The butterfly disappears in a burst of colours!
You climb upwards.
There is a stone staircase leading down here.
You start resting.
HP restored.
You start resting.
Magic restored.
You climb downwards.
Level annotation: Jeremiah
There is a stone staircase leading up here.
Jeremiah looks at their weapon with confusion.
You climb upwards.
There is a stone staircase leading down here.
You climb downwards.
Level annotation: Jeremiah Jeremiah mumbles a slurred invocation.
Something smites you!
There is a stone staircase leading up here.
You climb upwards.
There is a stone staircase leading down here.
Items here: )) [[.
There is a stone staircase leading down here.
You climb downwards.
Level annotation: Jeremiah
Found a scroll labelled QUICZEYRUAT and 20 gold pieces.
Found a stone staircase leading down.
There is a stone staircase leading up here.
HP restored.
u - a scroll labelled QUICZEYRUAT You now have 469 gold pieces (gained 20).
You now have 480 gold pieces (gained 11).
w - a wand of quicksilver (11) (gained 4 charges)
Found 7 stones.
Found a stone staircase leading down.
Found a dagger.
You now have 495 gold pieces (gained 15).
A kobold brigand comes into view.
It is wielding a +0 mace and quivering poisoned darts.
A steam dragon comes into view.
There are monsters nearby!
There are monsters nearby!
A kobold and an orc come into view.
The kobold brigand shouts!
The kobold shouts!
The steam dragon hisses angrily.
The orc shouts!
You hear a shout! x2
The steam dragon breathes steam at you. The ball of steam hits you!!
The kobold moves out of view.
The orc moves out of view.
You hear a shout!
Found a glowing mace and a hand axe.
A steam dragon is nearby!
A steam dragon is nearby!
You start resting.
A steam dragon is nearby!
The steam dragon bites you.
The steam dragon claws you but does no damage.
You sock the steam dragon! You freeze the steam dragon.
Your headbutt misses the steam dragon.
The steam dragon is moderately wounded.
The steam dragon breathes steam at you. The ball of steam hits you!
* * * LOW HITPOINT WARNING * * *
You are too injured to fight recklessly!
The steam dragon bites you.
* * * LOW HITPOINT WARNING * * *
The steam dragon claws you but does no damage.
You thump the steam dragon! You freeze the steam dragon.
The steam dragon is severely wounded.
The steam dragon bites you but does no damage.
The steam dragon claws you but does no damage.
You hit the steam dragon. You freeze the steam dragon.
The steam dragon is almost dead.
The steam dragon bites you but does no damage.
The steam dragon claws you.
* * * LOW HITPOINT WARNING * * *
You barely miss the steam dragon. Your headbutt misses the steam dragon.
The steam dragon is almost dead.
The steam dragon bites you but does no damage.
You block the steam dragon's attack.
You hit the steam dragon but do no damage.
You headbutt the steam dragon, but do no damage.
The steam dragon is almost dead.
The steam dragon barely misses you. The steam dragon misses you.
You hit the steam dragon but do no damage.
The steam dragon is almost dead.
You block the steam dragon's attack.
The steam dragon claws you but does no damage.
You sock the steam dragon! You freeze the steam dragon.
You kill the steam dragon!
Qazlal accepts your kill.
The steam dragon scales are intact enough to wear.
Your Armour skill increases to level 3!
You barely miss the orc. You block the orc's attack.
You hit the orc. You freeze the orc.
The orc is severely wounded.
The orc hits you but does no damage.
You thump the orc! You freeze the orc.
You kill the orc!
Qazlal accepts your kill.
Items here: ) [ ††.
You start resting.
Magic restored.
You start resting.
HP restored.
Items here: ) [ ††.
An orc comes into view. It is wielding a +0 whip.
An orc is nearby!
An orc is nearby!
An orc priest comes into view. It is wielding a +0 dagger.
The orc priest shouts!
An orc comes into view. It is wielding a +0 short sword.
The orc shouts!
You barely miss the orc. The orc hits you but does no damage.
You barely miss the orc priest. The orc priest closely misses you.
You furiously retaliate!
You headbutt the orc priest! The orc hits you but does no damage.
You sock the orc priest! You freeze the orc priest.
You kill the orc priest!
Qazlal accepts your kill. You block the orc's attack.
The orc completely misses you.
You sock the orc! You freeze the orc.
You kill the orc!
Qazlal accepts your kill. The orc hits you but does no damage.
You thump the orc! You freeze the orc.
You kill the orc!
Qazlal accepts your kill.
No target in view!
No target in view!
No target in view!
No target in view!
No target in view!
No target in view!
Magic restored.
You see here a +0 mace of draining.
You now have 503 gold pieces (gained 8).
You now have 510 gold pieces (gained 7).
A centaur comes into view. It is wielding a +0 club.
A centaur is nearby!
A centaur is nearby!
The centaur unwields a +0 club.
The centaur wields a +0 shortbow.
The centaur shoots an arrow.
The arrow hits you but does no damage.
The centaur throws a stone.
The stone hits you.
The centaur shoots an arrow.
You block the arrow with an invisible shield... and reflect it back!
The arrow hits the centaur.
The centaur throws a stone.
The stone barely misses you.
The centaur throws a stone.
The stone hits you.
The centaur unwields a +0 shortbow.
The centaur wields a +0 club.
The centaur hits you with a +0 club. You block the centaur's attack.
The centaur misses you. The centaur kicks you.
Things that are here:
a +0 dagger; an orc corpse You completely miss the centaur.
Your headbutt misses the centaur.
The centaur is moderately wounded.
The centaur hits you with a +0 club. You block the centaur's attack.
You barely miss the centaur. You headbutt the centaur.
The centaur is moderately wounded.
The centaur hits you but does no damage.
The centaur kicks you.
You sock the centaur! You freeze the centaur!
You kill the centaur!
Qazlal accepts your kill.
Your life force feels restored.
No target in view!
No target in view!
You now have 562 gold pieces (gained 52).
Items here: ( ))) [ †.
You see here a +0 short sword.
A kobold comes into view. It is wielding a +0 war axe.
A kobold is nearby!
A kobold is nearby!
A kobold is nearby!
The kobold shouts!
You hear a shout! x2
A howler monkey comes into view.
You closely miss the kobold.
The howler monkey howls!
The kobold hits you but does no damage.
You sock the kobold! You freeze the kobold.
You kill the kobold!
Qazlal accepts your kill.
The howler monkey hoots and howls with incredible vigour!
You hear a shout!
Your Dodging skill increases to level 4!
The howler monkey hits you but does no damage.
You thump the howler monkey! You freeze the howler monkey.
Your headbutt misses the howler monkey.
The howler monkey is severely wounded.
You block the howler monkey's attack.
You hit the howler monkey. You freeze the howler monkey.
Your headbutt misses the howler monkey.
The howler monkey is almost dead.
You block the howler monkey's attack.
You closely miss the howler monkey.
The howler monkey is almost dead.
The howler monkey hits you but does no damage.
You thump the howler monkey! You freeze the howler monkey.
You kill the howler monkey!
Qazlal accepts your kill.
You completely miss the kobold brigand.
A kobold comes into view.
It is wielding a +0 whip and carrying a wand of paralysis.
The kobold brigand closely misses you. You furiously retaliate!
You headbutt the kobold brigand! You hit the kobold brigand.
You freeze the kobold brigand.
The kobold brigand is heavily wounded.
The kobold brigand barely misses you.
The kobold throws a stone.
The stone barely misses you.
You hit the kobold brigand. You freeze the kobold brigand.
The kobold brigand is severely wounded.
The kobold brigand hits you but does no damage.
You thump the kobold brigand! You freeze the kobold brigand.
You kill the kobold brigand!
Qazlal accepts your kill. The kobold hits you with a +0 whip.
The kobold closely misses you.
You hit the kobold. You freeze the kobold.
You kill the kobold!
Qazlal accepts your kill. The kobold closely misses you.
You barely miss the kobold. You headbutt the kobold.
You kill the kobold!
Qazlal accepts your kill.
No target in view!
No target in view!
You now have 567 gold pieces (gained 5).
y - a wand of paralysis (23) (gained 9 charges)
You see here a +0 whip.
You now have 600 gold pieces (gained 33).
Things that are here:
a +0 war axe; a kobold corpse
Things that are here:
a +0 mace; 5 poisoned darts; a kobold corpse
Things that are here:
a +0 dagger; a stone
There is an open door here.
j - 4 scrolls labelled WUWONO ILIUZOR (gained 1)
There is an open door here.
There is an open door here.
You pick up a Trismegistus Codex and begin reading...
You add the spells Cigotuvi's Dreadful Rot, Ignite Poison and Freezing Cloud to your library.
i - 5 scrolls labelled HIHAECLAIZ (gained 1)
You now have 623 gold pieces (gained 23).
There is an open door here.
There is an open door here.
l - 3 scrolls labelled YDALIG YLLOUPH (gained 1)
There is an open door here.
There is an open door here.
c - 3 scrolls labelled ZANIPP IPHUT (gained 1)
There is an open door here.
Jeremiah shouts!
Jeremiah is nearby!
Okay, then.
You start waiting.
Jeremiah is nearby!
Aiming: Paralyse
Press: ? - help, Shift-Dir - straight line, f - Jeremiah
Aim: Jeremiah, wielding a +2 trident of draining, wearing a +2 robe of positive energy and wearing an orb of mayhem (chance to affect: 31%) Jeremiah easily resists.
Aiming: Paralyse
Press: ? - help, Shift-Dir - straight line, f/p - Jeremiah
Aim: Jeremiah, wielding a +2 trident of draining, wearing a +2 robe of positive energy and wearing an orb of mayhem (chance to affect: 31%) Jeremiah easily resists.
Jeremiah shouts, "O dreadful one, destroy my foe!"
Something smites you!
Aiming: Paralyse
Press: ? - help, Shift-Dir - straight line, f/p - Jeremiah
Aim: Jeremiah, wielding a +2 trident of draining, wearing a +2 robe of positive energy and wearing an orb of mayhem (chance to affect: 31%) Jeremiah suddenly stops moving!
The butterfly is engulfed in blazing flames.
You kill the butterfly!
The butterfly disappears in a burst of colours!
The helpless Jeremiah fails to defend themself.
You sock Jeremiah! You freeze Jeremiah.
Jeremiah is moderately wounded.
The helpless Jeremiah fails to defend themself.
You hit Jeremiah. You freeze Jeremiah.
Jeremiah is moderately wounded.
The helpless Jeremiah fails to defend themself.
You thump Jeremiah! You freeze Jeremiah.
You headbutt Jeremiah, but do no damage.
Jeremiah is severely wounded.
The helpless Jeremiah fails to defend themself.
You sock Jeremiah! You freeze Jeremiah.
Jeremiah is almost dead.
The helpless Jeremiah fails to defend themself.
You sock Jeremiah! You freeze Jeremiah.
You kill Jeremiah!
Qazlal accepts your kill.
The butterfly disappears in a burst of colours! x8
Your Axes skill increases to level 14!
Your Throwing skill increases to level 2!
Items here: ) [[ †.
Okay, then.
Unknown command.
Press: ? - help, v - describe, . - travel, g - get item
Items here: ) [[ †.
The floor.
Unknown command.
Unknown command.
Unknown command.
F - an orb of mayhem You start putting on your armour.
You continue putting on your orb of mayhem. x4
You finish putting on your orb of mayhem.
Okay, then.
HP restored.
Magic restored.
G - 4 javelins
Things that are here:
a +2 trident of draining; a +2 robe of positive energy; the barachi corpse of Jeremiah
i - 6 scrolls labelled HIHAECLAIZ (gained 1)
There is a stone staircase leading down here.
Key pressed, stopping explore.
l - 4 scrolls labelled YDALIG YLLOUPH (gained 1)
You open the door.
There is an open door here.
You see here a +0 short sword.
Items here: ) [ ÷÷.
H - a fuming cyan potion Done exploring.
Done exploring.
Done exploring.
Done exploring.
There is a stone staircase leading down here.
You climb downwards.
The centaur shouts!
Found 14 gold pieces.
There is a stone staircase leading up here.
There are monsters nearby!
The centaur wields a +0 orcbow.
The centaur shoots an arrow.
The arrow hits you but does no damage.
The centaur shoots an arrow.
The arrow hits you!
You climb upwards.
There is a stone staircase leading down here.
HP restored.
There is a stone staircase leading down here.
You climb downwards.
A bullfrog comes into view.
Found a scroll labelled HIHAECLAIZ.
Found a stone staircase leading up.
There is a stone staircase leading up here.
You barely miss the wight. The wight barely misses you.
The wight closely misses you. You furiously retaliate!
You headbutt the wight, but do no damage.
You barely miss the wight. The wight hits you but does no damage.
A wight comes into view. It is wielding a +0 halberd.
The wight hits you with a +2 morningstar of protection.
You feel drained.
The bullfrog hits you but does no damage.
You completely miss the bullfrog.
The wight hits you from afar with a +2 spear of freezing.
You feel drained. The wight freezes you. The wight hits you but does no damage.
The wight closely misses you. The bullfrog closely misses you.
You furiously retaliate!
You headbutt the bullfrog. You barely miss the bullfrog.
The bullfrog is lightly wounded.
The bullfrog hits you.
The wight hits you from afar with a +2 spear of freezing.
You feel drained. The wight freezes you. The wight barely misses you.
The wight closely misses you. The bullfrog hits you.
You thump the bullfrog! You freeze the bullfrog.
You kill the bullfrog!
Qazlal accepts your kill.
The wight hits you from afar with a +2 spear of freezing.
The wight freezes you. The wight barely misses you.
The wight closely misses you. You furiously retaliate!
You headbutt the wight!
Your Armour skill increases to level 4!
The wight hits you from afar with a +2 spear of freezing.
You feel drained. The wight freezes you. The wight misses you.
You furiously retaliate!
You headbutt the wight. The wight closely misses you.
You climb upwards.
There is a stone staircase leading down here.
You are too injured to fight recklessly!
You are too injured to fight recklessly!
You are too injured to fight recklessly!
You are too injured to fight recklessly!
You are too injured to fight recklessly!
You are too injured to fight recklessly!
You are too injured to fight recklessly!
You are too injured to fight recklessly!
You are too injured to fight recklessly!
You are too injured to fight recklessly!
You are too injured to fight recklessly!
You are too injured to fight recklessly!
You are too injured to fight recklessly!
You sock the wight!
You destroy the wight!
Qazlal accepts your kill.
Things that are here:
a +2 morningstar of protection; a +0 robe You start resting.
Magic restored.
You start resting.
HP restored.
I - a +2 morningstar of protection You drop a +2 mace of protection.
There is a stone staircase leading down here.
You climb downwards.
The wight hits you from afar with a +2 spear of freezing.
The wight freezes you. The wight closely misses you.
There is a stone staircase leading up, spattered with blood here.
The wight hits you from afar with a +2 spear of freezing.
The wight freezes you.
The wight hits you with a +2 great sword of distortion!
Space warps horribly around you!!
* * * LOW HITPOINT WARNING * * *
You climb upwards.
There is a stone staircase leading down here.
You are too injured to fight recklessly!
You are too injured to fight recklessly!
You are too injured to fight recklessly!
You are too injured to fight recklessly!
You are too injured to fight recklessly!
You are too injured to fight recklessly!
You are too injured to fight recklessly!
You are too injured to fight recklessly!
You are too injured to fight recklessly!
Press: ? - help, v - describe, . - travel
Here: a wight, wielding a +2 great sword of distortion and wearing a +0 robe The floor.
Unknown command.
Aiming: Paralyse
Press: ? - help, Shift-Dir - straight line, f - wight
Aim: a wight, wielding a +2 great sword of distortion and wearing a +0 robe (chance to affect: 49%)
The wight resists with some effort.
The wight hits you with a +2 great sword of distortion!
* * * LOW HITPOINT WARNING * * *
You blink.
Aiming: Paralyse
Press: ? - help, Shift-Dir - straight line, f/p - wight
Aim: a wight, wielding a +2 great sword of distortion and wearing a +0 robe (chance to affect: 49%)
The wight suddenly stops moving!
You are too injured to fight recklessly!
You are too injured to fight recklessly!
You are too injured to fight recklessly!
There is a stone staircase leading down here.
The helpless wight fails to defend itself.
You thump the wight!
You destroy the wight!
Qazlal accepts your kill.
Your Fighting skill increases to level 5!
Things that are here:
a +2 great sword of distortion; a +0 robe You start resting.
Magic restored.
You start resting.
HP restored.
There is a stone staircase leading down here.
You climb downwards.
The wight hits you but does no damage.
There is a stone staircase leading up, spattered with blood here.
The wight hits you with a +2 spear of freezing.
You feel drained. The wight freezes you.
You see here a bullfrog skeleton.
You sock the wight!
The wight is severely damaged.
The wight hits you but does no damage.
You closely miss the wight.
The wight is severely damaged.
The wight hits you with a +2 spear of freezing.
The wight freezes you.
You hit the wight. You headbutt the wight.
You destroy the wight!
Qazlal accepts your kill.
Found an escape hatch in the ceiling.
The wight misses you. You furiously retaliate!
You headbutt the wight. You barely miss the wight. You headbutt the wight!
The wight is heavily damaged.
The wight closely misses you. You furiously retaliate!
You headbutt the wight, but do no damage.
You hit the wight.
The wight is severely damaged.
The wight hits you with a +0 halberd!
You sock the wight!
You destroy the wight!
Qazlal accepts your kill.
Your life force feels restored.
No target in view!
No target in view!
Magic restored.
HP restored.
Things that are here:
a +2 spear of freezing; a +0 robe
i - 7 scrolls labelled HIHAECLAIZ (gained 1)
The two-headed ogre shouts in stereo!
A two-headed ogre is nearby!
Okay, then.
The centaur shouts!
You open the door. You thump the two-headed ogre!
You freeze the two-headed ogre.
The two-headed ogre is lightly wounded.
The two-headed ogre barely misses you.
The two-headed ogre hits you with a +0 giant spiked club!!
You thump the two-headed ogre! You freeze the two-headed ogre.
Your headbutt misses the two-headed ogre.
The two-headed ogre is heavily wounded.
The two-headed ogre hits you with a +0 giant club!
The two-headed ogre hits you with a +0 giant spiked club.
You are too injured to fight recklessly!
You are too injured to fight recklessly!
You are too injured to fight recklessly!
You hit the two-headed ogre. You freeze the two-headed ogre.
Your headbutt misses the two-headed ogre.
The two-headed ogre is heavily wounded.
You closely miss the two-headed ogre.
The two-headed ogre is heavily wounded.
The two-headed ogre barely misses you. You furiously retaliate!
You headbutt the two-headed ogre.
The two-headed ogre hits you with a +0 giant spiked club!
* * * LOW HITPOINT WARNING * * *
You barely miss the two-headed ogre.
Your headbutt misses the two-headed ogre.
The two-headed ogre is severely wounded.
You hit the two-headed ogre. You freeze the two-headed ogre.
The two-headed ogre is severely wounded.
The two-headed ogre hits you with a +0 giant club!!
* * * LOW HITPOINT WARNING * * *
The two-headed ogre hits you with a +0 giant spiked club!
You die...

..........#.......##.....
............O...... .....
...#....#.##......# ....
#....#.######### .##
#....#.# .# #.^..#.#
#....#.# #.)..#O#
#..÷<#@# #...##'#
.......).......
...##..#....... ..<
............ #.
....###...... #......
........ .##... .......#.
#.<. ......


You could see a two-headed ogre.

Vanquished Creatures
  Jeremiah (D:8)
  Grinder (D:6)
  A slime creature (D:7)
  Eustachio (D:6)
  A steam dragon (D:8)
  A black bear (D:6)
  2 ice beasts
  3 ogres
  3 centaurs
  A kobold brigand (D:8)
  Blork the orc (D:6)
  2 gnoll sergeants
  2 scorpions (D:5)
  4 bullfrogs
  11 wights
  2 bombardier beetles
  3 howler monkeys (D:8)
  A hound (D:5)
  2 orc priests
  A gnoll bouda (D:5)
  A jelly (D:2)
  2 iguanas (D:6)
  6 orc wizards
  10 gnolls
  6 adders
  A white imp (D:5)
  26 orcs
  5 endoplasms
  2 giant cockroaches
  11 goblins
  6 hobgoblins
  2 jackals (D:1)
  10 kobolds
  5 quokkas
  6 ball pythons
  8 bats
  3 frilled lizards
  6 rats
160 creatures vanquished.

Notes
Turn   | Place    | Note
-------+----------+-------------------------------------------
     0 | D:1      | sleeves the Minotaur Alchemist began the quest for the Orb.
     0 | D:1      | Reached XP level 1. HP: 14/14 MP: 1/1
   130 | D:1      | Reached skill level 1 in Fighting
   208 | D:1      | Found Tuthray's Jewellery Shoppe.
   320 | D:1      | Reached skill level 2 in Fighting
   339 | D:1      | Reached XP level 2. HP: 19/24 MP: 3/3
   918 | D:2      | HP: 12/24 [bat (1)]
   920 | D:2      | Reached skill level 1 in Armour
  1083 | D:2      | Reached XP level 3. HP: 30/30 MP: 4/4
  1102 | D:2      | HP: 11/30 [something/magic dart (7)]
  1107 | D:2      | HP: 8/30 [orc wizard/+0 dagger (1)]
  1110 | D:2      | Reached skill level 3 in Fighting
  1402 | D:2      | HP: 14/31 [acid (2)]
  1405 | D:2      | Reached skill level 2 in Armour
  1405 | D:2      | Reached skill level 3 in Dodging
  1405 | D:2      | Reached XP level 4. HP: 15/38 MP: 5/5
  1869 | D:3      | HP: 19/38 [orc/+1 dagger of venom (2)]
  1892 | D:3      | HP: 16/38 [something/puff of flame (11)]
  1897 | D:3      | HP: 9/38 [poisoned by an orc]
  2361 | D:3      | Reached skill level 1 in Axes
  2361 | D:3      | Reached XP level 5. HP: 34/45 MP: 6/6
  2407 | D:3      | Reached skill level 2 in Axes
  2415 | D:3      | Found a roughly hewn altar of Beogh.
  2429 | D:3      | Found a faded altar of an unknown god.
  2856 | D:4      | Reached skill level 3 in Axes
  2870 | D:4      | HP: 21/45 [orc/+2 mace of protection (6)]
  3090 | D:4      | Found a runed translucent door.
  3090 | D:4      | Noticed Fractals's ghost (novice DsSh)
  3133 | D:4      | Found a staircase to the Ecumenical Temple.
  3151 | Temple   | Entered the Ecumenical Temple
  3162 | Temple   | Became a worshipper of Qazlal Stormbringer
  3359 | D:5      | Entered Level 5 of the Dungeon
  3359 | D:5      | Noticed an ice beast
  3385 | D:4      | Reached skill level 4 in Axes
  3465 | D:5      | Reached XP level 6. HP: 51/51 MP: 7/7
  3540 | D:5      | Identified the +1 robe of the Mordant God {Str+3}
  3563 | D:5      | Reached skill level 5 in Axes
  3914 | D:6      | Noticed Grinder
  3940 | D:6      | Reached skill level 6 in Axes
  4013 | D:6      | Noticed an ice beast
  4055 | D:6      | HP: 18/51 [gnoll/+1 halberd of freezing[a gnoll sergeant]
                  | (12)]
  4205 | D:6      | HP: 24/51 [gnoll/+1 halberd of freezing[a gnoll sergeant]
                  | (3)]
  4358 | D:6      | Reached skill level 7 in Axes
  4358 | D:6      | Reached XP level 7. HP: 57/57 MP: 8/8
  4617 | D:5      | Reached skill level 8 in Axes
  4623 | D:5      | Reached * piety under Qazlal
  4739 | D:5      | HP: 27/57 [ice beast (7)]
  4873 | D:5      | Reached skill level 9 in Axes
  5213 | D:6      | Noticed Eustachio
  5259 | D:6      | Killed Eustachio
  5260 | D:6      | Reached XP level 8. HP: 50/64 MP: 9/9
  5319 | D:6      | Found a radiant altar of Vehumet.
  5327 | D:6      | Found a hide-covered altar of Uskayaw.
  5327 | D:6      | Found a burning altar of Makhleb.
  5334 | D:6      | Found a glowing golden altar of the Shining One.
  5334 | D:6      | Found a bloodstained altar of Trog.
  5471 | D:6      | Reached skill level 10 in Axes
  5508 | D:6      | Paralysed by Grinder for 4 turns
  5514 | D:6      | HP: 31/64 [ogre/+0 giant club (19)]
  5517 | D:5      | HP: 11/64 [ogre/+0 giant club (21)]
  5713 | D:6      | Killed Grinder
  5714 | D:6      | Reached skill level 11 in Axes
  5933 | D:6      | Found an iron altar of Okawaru.
  6063 | D:6      | Reached skill level 12 in Axes
  6078 | D:6      | Noticed Blork the orc
  6084 | D:6      | Killed Blork the orc
  6461 | D:7      | Reached ** piety under Qazlal
  6467 | D:7      | Reached XP level 9. HP: 65/70 MP: 6/10
  6512 | D:7      | Found Dioz's Jewellery Shop.
  6625 | D:7      | Found a sacrificial altar of Ru.
  6711 | D:7      | Reached skill level 13 in Axes
  7357 | D:7      | Noticed a boulder beetle
  7609 | D:8      | Reached skill level 4 in Fighting
  7609 | D:8      | Reached skill level 1 in Throwing
  7860 | D:8      | Noticed Jeremiah
  7965 | D:8      | HP: 35/70 [Jeremiah/divine providence (11)]
  8439 | D:8      | HP: 32/65 [steam dragon/ball of steam (15)]
  8447 | D:8      | Reached skill level 3 in Armour
  8687 | D:8      | Reached skill level 4 in Dodging
  8843 | D:8      | Killed Jeremiah
  8844 | D:8      | Reached skill level 14 in Axes
  8844 | D:8      | Reached skill level 2 in Throwing
  9062 | D:9      | Noticed a two-headed ogre
  9116 | D:9      | Reached skill level 4 in Armour
  9207 | D:9      | HP: 26/71 [wight/+2 great sword of distortion (18)]
  9209 | D:8      | HP: 12/71 [wight/+2 great sword of distortion (14)]
  9215 | D:8      | Reached skill level 5 in Fighting
  9479 | D:9      | HP: 30/74 [two-headed ogre/+0 giant club (10)]
  9481 | D:9      | HP: 1/74 [two-headed ogre/+0 giant club (30)]
  9481 | D:9      | Mangled by a two-headed ogre

Illustrated notes

Levels and vault maps discovered:
D:1:      saegor_arrival_fortress, layout_loops_ring, serial_shops,
          shop_fountains
D:2:      layout_rooms, due_unseen_surprise
D:3:      layout_basic, hellmonk_ecumenical_altar_defaced_shrine,
          roderic_filled_cross
D:4:      layout_cave_pools, minmay_temple_entry_tees, gammafunk_ghost_grave
D:5:      minmay_inner_zag, layout_rooms
D:6:      layout_loops_ring, minmay_overflow_temple_star_hex,
          okawaru_altar_gauntlet_db, chequers_mini_garden,
          serial_park_tiny_pond, minmay_ogre_servants, uniq_grinder,
          uniq_eustachio, uniq_blork_the_orc
D:7:      layout_loops_ring, mainiacjoe_overflow_boulevard, serial_shops,
          nicolae_shop_waterfront, wad_mini_maze
D:8:      layout_basic, minivault_10, uniq_jeremiah
D:9:      dragon1_lemuel, layout_basic,
          pdpol_temple_overflow_zin_treasury_gozag_greed,
          grunt_nemelex_the_gamble, dk_xom_monty_hall
Temple:   nicolae_temple_figure_zero

Skill      XL: |  1  2  3  4  5  6  7  8  9 |
---------------+----------------------------+-----
Fighting       | 2 3 5 |  5.0
Armour         | 1 2 4 |  4.2
Dodging        | 3 4 |  4.6
Axes           | 1 4 7 9 12 14 | 14.1
Throwing       | 2 |  2.5
Stealth        | |  1.5
Spellcasting   | |  1.3
Conjurations   | |  0.6
Alchemy        | |  2.1

Action                     |  1- 3 |  4- 6 |  7- 9 || total
---------------------------+-------+-------+-------++-------
  Melee: Whip              |    75 |   151 |   114 ||   340
         Unarmed           |     7 |       |       ||     7
         Headbutt          |    10 |    28 |    53 ||    91
         Mace              |       |       |   111 ||   111
         Flail             |       |       |   109 ||   109
  Throw: Javelin           |       |       |     7 ||     7
  Evoke: Wand              |       |       |     5 ||     5
    Use: Potion            |       |     1 |       ||     1
   Stab: Sleeping          |     1 |       |       ||     1
         Paralysed         |       |       |     6 ||     6
 Armour: Robe              |     5 |       |       ||     5
         Ring mail         |    62 |   106 |     5 ||   173
         Chain mail        |       |       |   120 ||   120
         Scale mail        |       |       |    77 ||    77
  Dodge: Dodged            |    57 |    61 |    90 ||   208
  Block: Other             |     1 |    26 |    53 ||    80
         Reflection        |       |     4 |     5 ||     9

Table legend: (Time is in decaauts)
 A = Elapsed time spent in this place.
 B = Non-inter-level travel time spent in this place.
 C = Inter-level travel time spent in this place.
 D = Time resting spent in this place.
 E = Time spent auto-exploring this place.
 F = Levels seen in this place.
 G = Mean time per level.
                   A        B        C        D        E       F      G
               +--------+--------+--------+--------+--------+-----+--------+
         Total |   9485 |   8813 |    672 |   2120 |   5239 |  10 |  948.5 |
       Dungeon |   9465 |   8813 |    652 |   2120 |   5239 |   9 | 1051.7 |
        Temple |     20 |      1 |     19 |      0 |      0 |   1 |   20.0 |
               +--------+--------+--------+--------+--------+-----+--------+

Top non-repeatable levels by time:
     D:7: 1561 daAuts
     D:6: 1544 daAuts
     D:8: 1506 daAuts
     D:5: 1296 daAuts
     D:1: 979 daAuts
     D:2: 915 daAuts
     D:3: 823 daAuts
     D:4: 745 daAuts
     D:9: 93 daAuts
  Temple: 20 daAuts
